Map: Tours du crépuscule

Players

zidar - Winner!

  • Race: Zerg Zerg
  • League: Silver
  • Spawn Location: 7:00

IpkissStan

  • Race: Protoss Protoss
  • League: Bronze
  • Spawn Location: 1:00

VOD

Have the link to the VOD?

Description

Time

  • Played on: Dec. 16, 2015, 10:23 a.m.
  • Length: 11:25
Show
View Real Time Build Order
Export as new Build Order

zidar Zerg - Winner!

Build Orders: Hatch First 

Get SALT Encoding   

  12  0:02  Drone  
  13  0:08  Drone  
  13  0:13  Extractor  
  14  0:21  Overlord  
  14  0:25  Extractor  
  14  0:26  Drone  
  15  0:40  Drone x2  
  17  1:00  Drone  
  18  1:04  Drone  
  18  1:05  Extractor  
  18  1:06  Hatchery  
  17  1:20  Spawning Pool  
  17  1:25  Drone  
  17  1:31  Drone x2  
  19  1:57  Hatchery  
  19  2:00  Drone  
  19  2:06  Overlord  
  19  2:18  Queen  
  21  2:28  Queen  
  22  2:55  Lair  
  22  3:07  Drone x6  
  28  3:16  Queen  
  30  3:45  Drone x10  
  40  3:50  Overlord  
  40  3:55  Overlord  
  40  4:13  Hydralisk Den  
  39  4:17  Extractor  
  39  4:20  Extractor  
  39  4:24  Extractor  
  36  4:27  Drone  
  36  4:28  Drone x12  
  49  4:34  Overlord x2  
  49  5:20  Hydralisk  
  49  5:21  Roach Warren, Hydralisk x4  
  50  5:22  Hydralisk x4  
  50  5:28  Overlord x3  
  66  5:34  Muscular Augments  
  66  5:40  Evolution Chamber  
  65  5:45  Evolution Chamber  
  64  5:57  Hydralisk x3  
  64  5:58  Hydralisk x3  
  64  5:59  Hydralisk x2  
  82  6:04  Roach  
  82  6:13  Zerg Missile Weapons Level 1  
  82  6:18  Glial Reconstitution  
  82  6:28  Extractor  
  82  6:30  Extractor  
  80  6:37  Drone  
  80  6:38  Drone x9  
  90  6:41  Overlord  
  90  6:42  Overlord x2  
  90  6:48  Zerg Ground Armor Level 1  
  90  7:09  Overseer  
  90  7:12  Pneumatized Carapace  
  90  7:17  Roach x8  
  90  7:20  Roach  
  90  7:21  Roach  
  110  7:36  Drone x4  
  114  7:38  Overlord x2  
  114  7:39  Overlord  
  114  7:48  Lurker Den  
  114  8:11  Roach  
  114  8:12  Roach x6  
  128  8:28  Hatchery  
  128  8:33  Zerg Missile Weapons Level 2  
  127  8:42  Zerg Ground Armor Level 2  
  127  8:49  Infestation Pit  
  126  8:57  Roach x5  
  126  8:58  Roach  
  126  9:01  Overlord x2  
  126  9:02  Overlord x2  
  138  9:23  Roach x4, Hydralisk x2  
  138  9:24  Roach x2, Hydralisk x3  
  90  10:21  Roach x4, Hydralisk  
  88  10:22  Roach x10, Hydralisk x4  
  88  10:23  Hydralisk x3  
  130  11:01  Overlord x4  
Show
View Real Time Build Order
Export as new Build Order

IpkissStan Protoss 

Build Orders:  

Get SALT Encoding   

  12  0:01  Probe (Chrono Boost)  
  13  0:12  Probe (Chrono Boost)  
  14  0:18  Pylon  
  14  0:22  Probe (Chrono Boost)  
  15  0:36  Probe (Chrono Boost)  
  15  0:39  Gateway  
  16  0:45  Assimilator  
  16  0:48  Probe (Chrono Boost)  
  17  0:58  Probe (Chrono Boost)  
  18  1:09  Probe (Chrono Boost)  
  19  1:24  Gateway  
  19  1:25  Probe (Chrono Boost)  
  20  1:30  Cybernetics Core  
  20  1:34  Assimilator  
  20  1:35  Probe (Chrono Boost)  
  21  1:43  Pylon  
  21  1:46  Probe (Chrono Boost)  
  22  1:56  Probe (Chrono Boost)  
  23  2:06  Warp Gate  
  23  2:07  Probe (Chrono Boost), Stalker  
  26  2:11  Adept  
  28  2:20  Mothership Core (Chrono Boost)  
  30  2:37  Nexus  
  30  3:00  Pylon  
  30  3:18  Adept x2  
  34  3:20  Robotics Facility, Probe (Chrono Boost)  
  35  3:31  Probe (Chrono Boost)  
  35  3:32  Pylon  
  36  3:42  Probe (Chrono Boost)  
  36  3:45  Stalker  
  39  3:49  Pylon  
  39  4:09  Observer  
  40  4:11  Gateway  
  40  4:12  Gateway  
  40  4:22  Forge  
  40  4:26  Probe x2 (Chrono Boost)  
  40  4:27  Robotics Bay  
  42  4:33  Stalker  
  42  4:34  Stalker  
  46  4:46  Probe (Chrono Boost)  
  46  4:47  Probe (Chrono Boost)  
  48  4:54  Immortal  
  48  4:57  Probe (Chrono Boost)  
  53  5:12  Pylon  
  53  5:14  Pylon  
  53  5:15  Stalker x2  
  57  5:34  Disruptor  
  60  5:40  Stalker x2  
  64  5:45  Probe x2 (Chrono Boost)  
  64  5:48  Assimilator  
  66  5:52  Assimilator  
  66  5:55  Probe (Chrono Boost)  
  66  5:56  Probe (Chrono Boost)  
  68  6:06  Probe (Chrono Boost)  
  69  6:16  Nexus  
  69  6:32  Adept x2  
  71  6:33  Adept x2  
  77  6:43  Probe x2 (Chrono Boost)  
  79  6:47  Twilight Council  
  79  6:52  Photon Cannon  
  79  6:55  Pylon  
  79  6:56  Probe (Chrono Boost)  
  79  6:57  Probe (Chrono Boost), Photon Cannon  
  79  6:59  Pylon  
  81  7:07  Probe x2 (Chrono Boost)  
  83  7:16  Disruptor  
  83  7:21  Adept x3  
  83  7:22  Adept  
  94  7:25  Resonating Glaives  
  94  7:46  Probe x2 (Chrono Boost)  
  94  7:47  Probe (Chrono Boost)  
  94  7:51  Pylon  
  97  7:52  Immortal  
  97  7:57  Probe (Chrono Boost)  
  102  8:05  Pylon  
  102  8:09  Pylon  
  102  8:18  Stalker x3  
  108  8:26  Protoss Ground Weapons Level 1  
  108  8:32  Adept  
  110  8:51  Assimilator  
  110  8:55  Assimilator  
  110  8:56  Stalker x3  
  110  8:57  Stalker  
  118  9:13  Immortal  
  122  9:27  Gateway  
  122  9:28  Gateway  
  122  9:29  Adept x4  
  122  9:30  Gateway  
  62  10:14  Adept x4  
  63  10:30  Adept x3  
  69  10:39  Adept x3  
  69  10:40  Adept  
  77  10:52  Stalker x3  
  87  11:02  Adept x3  
  87  11:03  Adept  
  95  11:06  Probe x2 (Chrono Boost)  
Tags
 
Add a new tag
Caveats
  • Supply blocks, unpowered buildings, or Contaminate may cause inaccurate times.
  • Supply counts are checked every 10 seconds.